 Dungeon Crawl Stone Soup version 0.28-a0-1382-g92835e5c71 (webtiles) character file.

Game seed: 10576491947551001854

21 Deminshera the Sneak (level 3, 0/22 HPs)
             Began as a Kobold Brigand on Jan 1, 2022.
             Frozen to death by an endoplasm (3 damage)
             ... on level 1 of the Dungeon.
             The game lasted 00:01:25 (1109 turns).

Deminshera the Sneak (Kobold Brigand)               Turns: 1109, Time: 00:01:25

Health: 0/22       AC:  4    Str: 10    XL:     3   Next: 2%
Magic:  3/3        EV: 14    Int: 12    God:
Gold:   10         SH:  0    Dex: 16    Spells: 2/2 levels left

rFire   . . .      SeeInvis .   a - +2 dagger
rCold   . . .      Faith    .   (no shield)
rNeg    . . .      Spirit   .   b - +0 robe
rPois   .          Reflect  .   f - +0 helmet
rElec   .          Harm     .   c - +0 cloak
rCorr   .          Rampage  .   (no gloves)
Will    .....                   (no boots)
Stlth   ++++......              (no amulet)
HPRegen 0.07/turn               (no ring)
MPRegen 0.08/turn               (no ring)

@: studying Summonings
A: small, no large weapons, nightstalker 3
a: no special abilities


You were on level 1 of the Dungeon.
You visited 1 branch of the dungeon, and saw 1 of its levels.

You collected 10 gold pieces.

Inventory:

Hand Weapons
 a - a +2 dagger (weapon)
Missiles
 d - 6 poisoned darts (quivered)
 e - 2 curare-tipped darts
Armour
 b - a +0 robe (worn)
 c - a +0 cloak (worn)
 f - a +0 helmet (worn)


   Skills:
 + Level 2.5 Fighting
 + Level 3.1 Short Blades
 + Level 2.5 Throwing
 + Level 1.8 Dodging
 + Level 5.5 Stealth


You had 2 spell levels left.
You didn't know any spells.
Your spell library was empty.

Dungeon Overview and Level Annotations

Branches:
Dungeon (1/15)

Altars:

Shops:
D:1 *([?(


Innate Abilities, Weirdness & Mutations

You are small and have problems with some larger weapons.
You are completely attuned to the shadows.


Message History

You are too injured to fight recklessly!
You are too injured to fight recklessly!
You are too injured to fight recklessly!
You are too injured to fight recklessly!
You are too injured to fight recklessly!
You are too injured to fight recklessly!
You are too injured to fight recklessly!
You are too injured to fight recklessly!
You are too injured to fight recklessly!
You are too injured to fight recklessly!
You are too injured to fight recklessly!
You are too injured to fight recklessly!
You are too injured to fight recklessly!
You are too injured to fight recklessly!
You are too injured to fight recklessly!
You hit the giant cockroach but do no damage.
The giant cockroach is heavily wounded.
The endoplasm hits you.
The giant cockroach bites you but does no damage.
You closely miss the giant cockroach.
The giant cockroach is heavily wounded.
The giant cockroach misses you. The endoplasm freezes you.
You are frozen.
* * * LOW HITPOINT WARNING * * *
You hit the giant cockroach.
The giant cockroach is severely wounded.
The giant cockroach bites you but does no damage.
You hit the giant cockroach.
You kill the giant cockroach!
The endoplasm freezes you.
You are frozen.
* * * LOW HITPOINT WARNING * * *
You have reached level 3!
Your experience leads to an increase in your attributes!
Increase (S)trength, (I)ntelligence, or (D)exterity?
You feel stronger. x2
The endoplasm freezes you.
You are frozen.
You die...

######## .......#
######.##############
.# #...........@J..#
.# #..############.#
##### .# #..#
######.#### #.... .#
#..#
#.........######....
.# #..#
....................
.# #.)#
....................
.####..#
....................
.......#
.(...#+##+######....
.......# .........
#....


You could see an endoplasm.

Vanquished Creatures
  An endoplasm (D:1)
  A giant cockroach (D:1)
  2 hobgoblins (D:1)
  4 jackals (D:1)
  A ball python (D:1)
  6 bats (D:1)
  A frilled lizard (D:1)
  2 kobolds (D:1)
18 creatures vanquished.

Notes
Turn   | Place    | Note
-------+----------+-------------------------------------------
     0 | D:1      | Deminshera the Kobold Brigand began the quest for the Orb.
     0 | D:1      | Reached XP level 1. HP: 12/12 MP: 1/1
    66 | D:1      | Found Gennaaro's Antique Weapon Boutique.
   259 | D:1      | Reached XP level 2. HP: 18/18 MP: 2/2
   309 | D:1      | Found Saxuzene's Armour Shop.
   350 | D:1      | Found Rajaopar's General Store.
   966 | D:1      | Found Sonwif's Antique Weapon Shoppe.
  1036 | D:1      | Found Xett's Magic Scroll Shoppe.
  1101 | D:1      | Reached XP level 3. HP: 3/22 MP: 3/3
  1109 | D:1      | Frozen to death by an endoplasm

Illustrated notes

Levels and vault maps discovered:
D:1:      evilmike_arrival_rings, layout_basic, serial_shops,
          nicolae_shop_stone, nicolae_square_shop, nicolae_shop_trees,
          nicolae_shop_statue_plus, shop

Skill      XL: |  1  2 |
---------------+-------+-----
Short Blades   | 3 |  3.1
Fighting       | |  2.5
Throwing       | |  2.5
Dodging        | |  1.8
Stealth        | |  5.5

Action                   || total
-------------------------++-------
Melee: Dagger            ||    52
Throw: Dart              ||    10
 Stab: Sleeping          ||     6
Armor: Robe              ||    17
Dodge: Dodged            ||    69

Table legend: (Time is in decaauts)
 A = Elapsed time spent in this place.
 B = Non-inter-level travel time spent in this place.
 C = Inter-level travel time spent in this place.
 D = Time resting spent in this place.
 E = Time spent auto-exploring this place.
 F = Levels seen in this place.
 G = Mean time per level.
                   A        B        C        D        E       F      G
               +--------+--------+--------+--------+--------+-----+--------+
         Total |   1099 |   1099 |      0 |    389 |    564 |   1 | 1099.0 |
       Dungeon |   1099 |   1099 |      0 |    389 |    564 |   1 | 1099.0 |
               +--------+--------+--------+--------+--------+-----+--------+

Top non-repeatable levels by time:
     D:1: 1099 daAuts
